 Dungeon Sprint DCSS version 0.24-a0-250-g6074511092 (webtiles) character file.

Game seed: 12522478120622962417

84 Redear the Skirmisher (level 4, -2/44 HPs)
             Began as a Ghoul Monk on Apr 15, 2019.
             Slain by a human (4 damage)
             ... in the Dungeon (Sprint III: "The Ten Rune Challenge").
             The game lasted 00:00:48 (359 turns).

Redear the Skirmisher (Ghoul Monk)                   Turns: 359, Time: 00:00:48

Health: -2/44      AC:  4    Str: 14    XL:     4   Next: 45%
Magic:  3/3        EV: 14    Int:  5    God:
Gold:   7          SH:  0    Dex: 12    Spells: 3/3 levels left

rFire    . . .     SeeInvis .     - Unarmed
rCold    + + .     Gourm    .   (no shield)
rNeg     + + +     Faith    .   b - +2 robe {rC+} {rC+}
rPois    ∞         Spirit   .   (no helmet)
rElec    .         Reflect  .   (no cloak)
rCorr    .         Harm     .   (no gloves)
MR       .....     NoTele   +   (no boots)
Stlth    ++........             (no amulet)
HPRegen  0.00/turn              (no ring)
MPRegen  0.08/turn              (no ring)

@: rotting, hasted, very quick
A: rotting body, claws 1, carnivore, cold resistance 1, negative energy
resistance 3, inhibited regeneration, torment resistance, unbreathing
a: no special abilities


You were in the Dungeon.
You were not hungry.

You visited 1 branch You collected 7 gold pieces.

Inventory:

Armour
 a - a +0 robe
 b - a +2 robe of cold resistance (worn) {rC+}
Scrolls
 B - a scroll of blinking {@r4}
Potions
 f - 2 potions of magic
 g - a potion of berserk rage
 Q - a potion of curing {@q2}
Comestibles
 z - a ration


   Skills:
 + Level 6.2 Fighting
 + Level 5.1 Dodging
 - Level 2.1 Stealth
 + Level 6.2 Unarmed Combat


You had 3 spell levels left.
You didn't know any spells.
Your spell library was empty.

Dungeon Overview and Level Annotations

Branches:
Dungeon (1/1)

Altars:


Innate Abilities, Weirdness & Mutations

Your body is rotting away.
You thrive on raw meat.
You are immune to poison.
You have sharp fingernails.
You are carnivorous and can eat meat at any time.
Your flesh is cold resistant. (rC+)
You are immune to negative energy. (rN+++)
You do not regenerate when monsters are visible.
You are immune to unholy pain and torment.
You can survive without breathing.


Message History

The human is severely wounded.
You scratch the human.
The human is severely wounded.
The human closely misses you.
You scratch the human but do no damage.
The human is severely wounded.
You scratch the human.
The human is severely wounded.
The human closely misses you.
You closely miss the human.
The human is severely wounded.
You miss the human.
The human is severely wounded.
The human hits you but does no damage.
You scratch the human but do no damage.
The human is severely wounded.
You barely miss the human.
The human is severely wounded.
The human hits you.
You die...

▓▓▓▓ ▓▓▓▓▓ ▓<.#
+...♣♣ ▓..#
#....♣♣
▓#'####.....♣♣
▓.....#....≈.♣♣
▓.....#.@.≈≈..♣
▓....[#.p≈≈≈≈♣♣.
▓####'#..≈≈≈≈≈≈.
▓.....#.≈≈≈≈≈≈..
▓.....#.≈≈≈≈≈...
▓.....#.≈≈≈.....
▓'#####.........
▓...............
▓▓▓▓▓▓▓▓▓▓▓▓▓▓▓▓


You could see a human.

Vanquished Creatures
  A scorpion (D)
  Jessica (D)
  An ooze (D)
  2 rats (D)
5 creatures vanquished.

Vanquished Creatures (others)
  2 draconian scorchers (D)
  6 hellions (D)
  A yaktaur (D)
9 creatures vanquished.

Grand Total: 14 creatures vanquished

Notes
Turn   | Place    | Note
-------+----------+-------------------------------------------
     0 | D        | Redear the Ghoul Monk began the quest for the Orb.
     0 | D        | Reached XP level 1. HP: 19/19 MP: 0/0
     5 | D        | Reached skill level 3 in Dodging
     8 | D        | Reached skill level 4 in Unarmed Combat
    10 | D        | Noticed Jessica
    16 | D        | Killed Jessica
    16 | D        | Reached skill level 5 in Fighting
    16 | D        | Reached skill level 4 in Dodging
    16 | D        | Reached skill level 5 in Unarmed Combat
    16 | D        | Reached XP level 2. HP: 12/29 MP: 1/1
    16 | D        | Reached XP level 3. HP: 15/36 MP: 2/2
    90 | D        | Killed a hellion
   111 | D        | Killed a hellion
   120 | D        | Killed a hellion
   122 | D        | Killed a hellion
   136 | D        | Killed a hellion
   144 | D        | Killed a hellion
   184 | D        | Killed a yaktaur
   190 | D        | Killed a white draconian scorcher
   213 | D        | Killed a white draconian scorcher
   319 | D        | Noticed a scorpion
   340 | D        | Killed a scorpion
   340 | D        | Reached skill level 6 in Fighting
   340 | D        | Reached skill level 5 in Dodging
   340 | D        | Reached skill level 6 in Unarmed Combat
   340 | D        | Reached XP level 4. HP: 26/44 MP: 3/3
   348 | D        | HP: 2/44 [human (7)]
   359 | D        | Slain by a human

Levels and vault maps discovered:
D:        dungeon_sprint_mu [sprint_mu_entry_forest, sprint_mu_temple_rooms,
          sprint_mu_d1_horrors, sprint_mu_d2_genie, sprint_mu_d3_branching,
          sprint_mu_orc_legion, sprint_mu_elf_gauntlet, sprint_mu_hive_nellie,
          sprint_mu_lair_fedhas, sprint_mu_vaults_butterflies,
          sprint_mu_slime_circle, sprint_mu_swamp_cave, sprint_mu_shoals_kraken,
          sprint_mu_blade_basic, sprint_mu_crypt_fortress,
          sprint_mu_tomb_spiral, sprint_mu_vestibule_basic,
          sprint_mu_gehenna_hellfire, sprint_mu_dis_giant,
          sprint_mu_tartarus_statrot, sprint_mu_cocytus_islands, sprint_mu_zot1]

Skill      XL: |  1  2  3 |
---------------+----------+-----
Dodging        | 4 5 |  5.1
Unarmed Combat | 5 6 |  6.2
Fighting       | 5 6 |  6.2
Stealth        | |  2.1

Action                   |  1- 3 |  4- 6 || total
-------------------------+-------+-------++-------
Melee: Unarmed           |    26 |    18 ||    44
  Use: Potion            |     1 |     1 ||     2
Armor: Robe              |     1 |     1 ||     2
Dodge: Dodged            |    13 |     7 ||    20

Table legend:
 A = Non-vault XP
 B = Vault XP
 C = Vault XP percentage of total XP
 D = Non-vault monster count
 E = Vault monster count
 F = Vault count percentage of total count
                 A         B        C        D         E       F
            +---------+---------+-------+---------+---------+-------
      Total |       0 |     120 | 100.0 |       0 |       5 | 100.0
            +---------+---------+-------+---------+---------+-------
          D |       0 |     120 | 100.0 |       0 |       5 | 100.0
            +---------+---------+-------+---------+---------+-------
